 Dungeon Crawl Stone Soup version 0.23.2-33-g5129a83184 (webtiles) character file.

Game seed: 14583607781204235594

7186 FishyPogo the Magician (level 10, -4/77 HPs)
             Began as a Grey Draconian Wizard on July 30, 2019.
             Was a High Priest of Qazlal.
             Slain by a troll (13 damage)
             ... on level 10 of the Dungeon.
             The game lasted 02:44:46 (13374 turns).

FishyPogo the Magician (Grey Draconian Wizard)     Turns: 13374, Time: 02:44:47

Health: -4/77      AC: 20    Str:  9    XL:     10   Next: 87%
Magic:  14/20      EV: 14    Int: 23    God:    Qazlal [*****.]
Gold:   858        SH:  6    Dex:  9    Spells: 7/23 levels left

rFire    + . .     SeeInvis .   b - +2 great sword (slice)
rCold    . . .     Gourm    .   (shield currently unavailable)
rNeg     . . .     Faith    +   (armour unavailable)
rPois    +         Spirit   .   R - +2 hat
rElec    .         Reflect  .   j - +0 cloak
rCorr    .         Harm     .   L - +0 pair of gloves
MR       .....                  H - +0 pair of boots
Stlth    ++........             D - amulet of faith
HPRegen  0.22/turn              N - ring of protection from fire
MPRegen  0.17/turn              q - ring of poison resistance

@: protected from physical damage, repel missiles
A: walk through water, unfitting armour, unbreathing, cold-blooded, AC +12
a: Upheaval, Elemental Force, Disaster Area, Renounce Religion


You were on level 10 of the Dungeon.
You worshipped Qazlal.
Qazlal was extremely pleased with you.
You were hungry.

You visited 1 branch of the dungeon, and saw 10 of its levels.

You collected 858 gold pieces.

Inventory:

Hand Weapons
 a - a +3 war axe of electrocution
 b - a +2 great sword of slicing (weapon)
 l - a +0 dagger of venom
 C - a +2 quarterstaff of chaos
 E - a +0 long sword
 F - a +1 whip of freezing
Armour
 j - a +0 cloak (worn)
 H - a +0 pair of boots (worn)
 L - a +0 pair of gloves (worn)
 R - a +2 hat (worn)
Jewellery
 n - an uncursed ring of fire
 q - a ring of poison resistance (right hand)
 r - an uncursed amulet of regeneration
 t - an uncursed ring of fire
 u - an uncursed ring of see invisible
 D - an amulet of faith (around neck)
 J - a cursed amulet of inaccuracy {unknown}
 N - a ring of protection from fire (left hand)
 T - a +3 ring of protection
 X - an uncursed amulet of guardian spirit {unknown}
Wands
 p - a wand of digging (8)
 B - a wand of paralysis (10)
 K - a wand of iceblast (4)
 O - a wand of polymorph (8)
 P - a wand of random effects (22)
Scrolls
 d - a scroll of immolation {unknown}
 e - 7 scrolls of identify
 f - 4 scrolls of magic mapping {unknown}
 h - 2 scrolls of teleportation
 i - 6 scrolls of remove curse {unknown}
 m - 2 scrolls of noise
 y - a scroll of enchant weapon
 A - a scroll of fog {unknown}
 M - a scroll of enchant armour {unknown}
 Q - 3 scrolls of blinking {unknown}
Potions
 g - 3 potions of lignification {unknown}
 k - 2 potions of resistance {unknown}
 o - a potion of berserk rage {unknown}
 s - 2 potions of magic {unknown}
 v - 3 potions of agility {unknown}
 w - a potion of curing
 x - a potion of invisibility {unknown}
 z - 3 potions of ambrosia {unknown}
 G - 3 potions of brilliance
 I - 2 potions of degeneration {unknown}
 S - a potion of mutation {unknown}
 W - a potion of flight {unknown}
Comestibles
 c - 15 rations
 V - 11 chunks of flesh


   Skills:
 * Level 3.2 Fighting
 - Level 3.8 Long Blades
 - Level 2.5 Axes
 * Level 6.2 Dodging
 - Level 6.0 Stealth
 * Level 7.0 Spellcasting
 - Level 4.1 Conjurations
 - Level 4.7 Hexes
 + Level 4.7 Summonings
 * Level 3.7 Necromancy
   Level 1.0 Translocations
 - Level 4.9 Fire Magic
 * Level 3.3 Invocations


You had 7 spell levels left.
You knew the following spells:

 Your Spells              Type           Power        Failure   Level  Hunger
a - Magic Dart            Conj           ####         1%          1    None
b - Call Imp              Summ           ####....     1%          2    None
c - Slow                  Hex            ####....     1%          2    None
d - Conjure Flame         Conj/Fire      ####....     3%          3    None
e - Mephitic Cloud        Conj/Pois/Air  ##......     13%         3    None
f - Borgnjor's Vile Clut  Necr/Erth      ###.......   69%         5    #####..

Your spell library contained the following spells:

 Spells                   Type           Power        Failure   Level  Hunger
 Ensorcelled Hibernation  Hex/Ice        ###...       4%          2    None
 Blink                    Tloc           N/A          8%          2    None
 Poisonous Vapours        Pois/Air       #.....       12%         2    None
 Silence                  Hex/Air        ###.......   63%         5    #####..
 Darkness                 Hex            ####......   86%         6    ######.
 Shadow Creatures         Summ           N/A          86%         6    ######.
 Freezing Cloud           Conj/Ice/Air   ##........   100%        6    ######.
 Ring of Flames           Chrm/Fire      ###.......   100%        7    #######


Dungeon Overview and Level Annotations

Branches:
Dungeon (10/15)            Temple (0/1) D:7
   Lair: D:8-11         Orc: D:9-12

Altars:
Ashenzari
Cheibriados
Elyvilon
Fedhas
Gozag
Nemelex Xobeh
Qazlal
Sif Muna
Trog
Uskayaw
Vehumet
Xom
Yredelemnul

Annotations:
D:3 2 transporters
D:7 2 runed translucent doors
D:8 Gastronok


Innate Abilities, Weirdness & Mutations

You can walk through water.
Your dull iron-grey scales are very hard. (AC +12)
You cannot fit into any form of body armour.
You can survive without breathing.
You are cold-blooded and may be slowed by cold attacks.


Message History

The troll is heavily wounded.
The troll closely misses you. The troll barely misses you.
You block the quokka's attack.
You hit the troll.
Your tail-slap misses the troll.
The troll is heavily wounded.
The quokka misses you. The troll bites you but does no damage.
The troll claws you!
* * * LOW HITPOINT WARNING * * *
The troll claws you but does no damage.
Your iron imp hits the troll but does no damage.
The quokka misses you. You block the troll's attack. The troll claws you.
* * * LOW HITPOINT WARNING * * *
The troll barely misses you.
As you read the scroll labeled INOHEO VISTRYU, it crumbles to dust.
It is a scroll of enchant weapon.
Your +1 great sword of slicing glows red for a moment.
Your iron imp hits the troll but does no damage.
The quokka bites you but does no damage.
The troll bites you!
You die...

.### ...# #####...##.#
# #........#.# ###'#
#........#.#
......###○.......#.###
.....°r@T.........>..#
......###5.....###.#.#
......# #......# #.#.#
.......
#####'####<#.## ###
#.######'##.....<#
#.........#)####.#
#........#.# #(#
#........#.####)#
#.#####†#.....#(##


You could see a troll, a quokka and a friendly iron imp.

Vanquished Creatures
  An unseen horror (D:6)
  The ghost of tlchr the Ruffian, an amateur DrTm (D:3)
  A hippogriff (D:9)
  8 yaks
  A wyvern (D:8)
  Grum (D:8)
  A water moccasin (D:10)
  2 black bears
  An orc warrior (D:9)
  4 ice beasts
  A sky beast (D:7)
  An eye of draining (D:9)
  2 ogres
  A wolf (D:8)
  3 centaurs
  4 bullfrogs
  3 scorpions
  4 killer bees
  5 crimson imps
  A bullfrog zombie (D:5)
  A centaur zombie (D:7)
  A hound (D:9)
  6 orc wizards
  2 gnoll shamans (D:9)
  3 orc priests
  A bullfrog skeleton (D:7)
  3 jellies
  2 iguanas
  A centaur skeleton (D:10)
  3 worker ants
  A killer bee zombie (D:7)
  A hound skeleton (D:9)
  A mummy (D:5)
  2 gnolls
  5 adders
  4 oozes
  An adder zombie (D:7)
  3 adder skeletons
  A dart slug (D:2)
  4 leopard geckos
  15 orcs
  6 bats
  5 giant cockroaches
  14 goblins
  7 hobgoblins
  6 kobolds
  2 quokkas
  2 ball pythons
  5 frilled lizards
  5 rats
  2 plants (D:9)
161 creatures vanquished.

Vanquished Creatures (collateral kills)
  Pikel (D:3)
  Grinder (D:5)
  2 hippogriffs (D:8)
  A yak (D:10)
  2 orc warriors
  A slave (D:3)
  2 ice beasts
  3 ogres
  A wolf (D:8)
  2 centaurs
  3 bullfrogs
  2 gnoll sergeants
  3 scorpions
  3 killer bees (D:8)
  4 crimson imps
  2 bullfrog zombies
  5 hounds
  A quasit (D:9)
  7 jellies
  Crazy Yiuf (D:5)
  A bullfrog skeleton (D:4)
  3 orc priests
  2 iguanas
  5 orc wizards
  3 worker ants
  2 hound skeletons
  A worker ant zombie (D:8)
  4 adders
  6 gnolls
  2 oozes (D:8)
  2 adder zombies
  2 adder skeletons
  A worm (D:6)
  2 leopard geckos
  11 orcs
  A giant cockroach (D:5)
  6 hobgoblins (D:9)
  4 kobolds
  A quokka (D:6)
  A frilled lizard (D:5)
  A quokka zombie (D:6)
108 creatures vanquished.

Vanquished Creatures (others)
  A crimson imp (D:4)
  A centaur skeleton (D:4)
  A worker ant (D:4)
  An adder (D:4)
4 creatures vanquished.

Grand Total: 273 creatures vanquished

Notes
Turn   | Place    | Note
-------+----------+-------------------------------------------
     0 | D:1      | FishyPogo the Draconian Wizard began the quest for the Orb.
     0 | D:1      | Reached XP level 1. HP: 14/14 MP: 4/4
   378 | D:1      | Reached XP level 2. HP: 20/20 MP: 0/6
  1146 | D:1      | Learned a level 2 spell: Call Imp
  1149 | D:1      | Learned a level 2 spell: Slow
  1630 | D:2      | Reached XP level 3. HP: 26/26 MP: 2/8
  1971 | D:2      | Found a bloodstained altar of Trog.
  2205 | D:2      | Found an opulent altar of Gozag.
  2206 | D:2      | Found a sparkling altar of Nemelex Xobeh.
  2325 | D:3      | Found a basalt altar of Yredelemnul.
  2352 | D:3      | Found a shimmering altar of Xom.
  2361 | D:3      | Learned a level 3 spell: Conjure Flame
  2396 | D:3      | Found a white marble altar of Elyvilon.
  2450 | D:3      | Found a stormy altar of Qazlal.
  2535 | D:3      | Found a transporter.
  2539 | D:3      | Found a transporter.
  2545 | D:3      | Noticed a black bear
  2547 | D:3      | Found a hide-covered altar of Uskayaw.
  2547 | D:3      | Found a shattered altar of Ashenzari.
  2902 | D:3      | Reached XP level 4. HP: 24/33 MP: 1/9
  3187 | D:4      | Noticed a slave
  3188 | D:4      | Noticed Pikel
  3189 | D:4      | Noticed a slave
  3189 | D:4      | Noticed a slave
  3225 | D:3      | Killed a slave
  3251 | D:3      | Became a worshipper of Qazlal Stormbringer
  3457 | D:3      | Killed Pikel
  3457 | D:3      | Reached skill level 1 in Long Blades
  3457 | D:3      | Reached skill level 4 in Spellcasting
  3457 | D:3      | Reached skill level 1 in Hexes
  3457 | D:3      | Reached skill level 1 in Fire Magic
  3457 | D:3      | Reached XP level 5. HP: 38/38 MP: 0/11
  3457 | D:3      | Reached XP level 6. HP: 45/45 MP: 0/12
  3577 | D:4      | Found a runed translucent door.
  3577 | D:4      | Noticed tlchr's ghost (amateur DrTm)
  3596 | D:4      | Noticed a freed slave
  3908 | D:4      | Noticed an ice beast
  3948 | D:4      | Killed an ice beast
  4208 | D:5      | Entered Level 5 of the Dungeon
  4334 | D:5      | Your scales start taking on a dull iron-grey colour.
  4334 | D:5      | Reached XP level 7. HP: 43/50 MP: 0/13
  4334 | D:5      | Gained mutation: You can survive without breathing. [Grey
                  | Draconian growth]
  4388 | D:5      | Reached * piety under Qazlal
  4608 | D:3      | Killed tlchr's ghost
  4801 | D:5      | Found a snail-covered altar of Cheibriados.
  5253 | D:5      | Found a runed translucent door.
  5332 | D:6      | Reached XP level 8. HP: 55/57 MP: 9/15
  5523 | D:6      | Reached skill level 5 in Spellcasting
  5639 | D:6      | Noticed Grinder
  5736 | D:5      | Paralysed by Grinder for 7 turns
  5753 | D:5      | Paralysed by Grinder for 6 turns
  5766 | D:5      | Paralysed by Grinder for 3 turns
  5786 | D:5      | Paralysed by Grinder for 6 turns
  5830 | D:5      | Killed Grinder
  6176 | D:6      | Reached ** piety under Qazlal
  6384 | D:6      | Noticed an unseen horror
  6512 | D:6      | Killed an unseen horror
  6512 | D:6      | Reached XP level 9. HP: 22/62 MP: 0/17
  6595 | D:5      | Noticed Crazy Yiuf
  6613 | D:5      | Killed Crazy Yiuf
  6730 | D:6      | Found a blossoming altar of Fedhas.
  6928 | D:6      | Reached skill level 5 in Stealth
  7079 | D:6      | Found a deep blue altar of Sif Muna.
  7081 | D:7      | Found a large runed translucent door.
  7081 | D:7      | Found a large runed translucent door.
  7095 | D:7      | Found a large runed translucent door.
  7095 | D:7      | Found a large runed translucent door.
  7190 | D:7      | Found a radiant altar of Vehumet.
  7401 | D:7      | Reached skill level 1 in Invocations
  8035 | D:7      | Reached *** piety under Qazlal
  8218 | D:7      | Reached skill level 1 in Axes
  8226 | D:7      | Learned a level 3 spell: Mephitic Cloud
  8327 | D:7      | Found a staircase to the Ecumenical Temple.
  8334 | D:7      | Reached skill level 6 in Spellcasting
  8555 | D:7      | Learned a level 5 spell: Borgnjor's Vile Clutch
  8780 | D:7      | Reached skill level 5 in Dodging
  9068 | D:8      | Noticed Grum
  9088 | D:8      | Noticed Gastronok
  9390 | D:8      | Reached skill level 1 in Necromancy
  9516 | D:8      | Reached XP level 10. HP: 52/69 MP: 1/19
 10865 | D:8      | Killed Grum
 11650 | D:9      | Reached skill level 1 in Fighting
 11820 | D:9      | Reached **** piety under Qazlal
 12289 | D:9      | Identified the +7 war axe of Siyrul {vamp, *Drain +Rage rF+
                  | Dex+2}
 13168 | D:10     | Entered Level 10 of the Dungeon
 13324 | D:10     | Reached ***** piety under Qazlal
 13324 | D:10     | Reached skill level 7 in Spellcasting
 13374 | D:10     | Slain by a troll

Skill      XL: |  1  2  3  4  5  6  7  8  9 10 |
---------------+-------------------------------+-----
Stealth        | 2 3 4 5 6 |  6.0
Dodging        | 2 3 4 5 6 |  6.2
Long Blades    | 1 2 3 |  3.8
Spellcasting   | 4 5 6 7 |  7.0
Hexes          | 1 2 4 |  4.7
Fire Magic     | 1 2 3 4 |  4.9
Conjurations   | 2 3 4 |  4.1
Summonings     | 2 3 4 |  4.7
Invocations    | 2 3 |  3.3
Axes           | 2 |  2.5
Necromancy     | 1 3 |  3.7
Fighting       | 3 |  3.2
Translocations | |  1.0

Action                   |  1- 3 |  4- 6 |  7- 9 | 10-12 || total
-------------------------+-------+-------+-------+-------++-------
Melee: Unarmed           |    54 |       |       |       ||    54
       Tailslap          |     6 |     1 |    30 |    26 ||    63
       Long sword        |     9 |    13 |   242 |       ||   264
       Whip              |       |       |    11 |       ||    11
       Great sword       |       |       |    21 |   199 ||   220
       Scimitar          |       |       |    18 |       ||    18
 Cast: Magic Dart        |   105 |    56 |   141 |    90 ||   392
       Call Imp          |     3 |    33 |   200 |   133 ||   369
       Conjure Flame     |       |       |     4 |       ||     4
       Mephitic Cloud    |       |       |     1 |     5 ||     6
       Slow              |       |       |       |     1 ||     1
Invok: Upheaval          |       |       |       |     2 ||     2
       Elemental Force   |       |       |       |     1 ||     1
Evoke: Wand              |       |       |     4 |       ||     4
  Use: Potion            |       |     2 |       |     1 ||     3
       Scroll            |       |       |     5 |     3 ||     8
 Stab: Betrayed ally     |       |       |     1 |       ||     1
  Eat: Chunk             |     6 |     5 |    11 |     8 ||    30
       Ration            |       |       |     2 |     1 ||     3
Armor: Skin              |    21 |    14 |   206 |   110 ||   351
Dodge: Dodged            |    47 |    23 |   329 |   212 ||   611
       Deflected         |       |       |       |     9 ||     9
Block: Other             |       |       |    43 |    79 ||   122
       Rpst.: Long sword |     3 |     6 |    68 |       ||    77
       Great sword       |       |       |    13 |    59 ||    72
       Scimitar          |       |       |     9 |       ||     9
